 Dungeon Crawl Stone Soup version 0.27.1-3-gb3d3a73c9e (webtiles) character file.

Game seed: 11631620111015131430

1570 Crownlay the Cleaver (level 8, -1/75 HPs)
             Began as a Hill Orc Berserker on Oct 23, 2021.
             Was a Priest of Trog.
             Killed from afar by an electric eel (8 damage)
             ... with a bolt of electricity
             ... on level 6 of the Dungeon.
             The game lasted 00:07:55 (6682 turns).

Crownlay the Cleaver (Hill Orc Berserker)           Turns: 6682, Time: 00:07:56

Health: -1/75      AC: 15    Str: 28    XL:     8   Next: 90%
Magic:  0/8        EV: 10    Int:  7    God:    Trog [***...]
Gold:   148        SH:  0    Dex: 10    Spells: 7/7 levels left

rFire    . . .     SeeInvis .   p - +3 battleaxe
rCold    + . .     Faith    .   (shield currently unavailable)
rNeg     . . .     Spirit   +   l - +3 scale mail {rC+}
rPois    .         Reflect  .   s - +0 helmet
rElec    .         Harm     .   (no cloak)
rCorr    .         Rampage  .   z - +0 pair of gloves
Will     ++...                  (no boots)
Stlth    ..........             x - amulet of guardian spirit
HPRegen  1.22/turn              g - +6 ring of strength
MPRegen  0.11/turn              y - +4 ring of protection

@: strong-willed, regenerating, very slow
A: no striking features
a: Renounce Religion, Berserk, Trog's Hand


You were on level 6 of the Dungeon.
You worshipped Trog.
Trog was most pleased with you.
You visited 1 branch of the dungeon, and saw 6 of its levels.

You collected 214 gold pieces.
You spent 66 gold pieces at shops.

Inventory:

Hand Weapons
 p - a +3 battleaxe (weapon)
 t - a +2 flail of holy wrath
Missiles
 u - a throwing net (quivered)
Armour
 i - a +2 tower shield
 l - a +3 scale mail of cold resistance (worn)
 s - a +0 helmet (worn)
 z - a +0 pair of gloves (worn)
Jewellery
 g - a +6 ring of strength (left hand)
 o - a ring of positive energy
 x - an amulet of guardian spirit (around neck)
 y - a +4 ring of protection (right hand)
Wands
 e - a wand of polymorph (9)
 m - a wand of acid (7)
Scrolls
 a - 2 scrolls of blinking
 b - a scroll of immolation {unknown}
 d - 5 scrolls of identify
 f - 6 scrolls of teleportation
 k - 2 scrolls of fog
 q - a scroll of brand weapon {unknown}
 r - a scroll of enchant armour {unknown}
 w - a scroll of summoning {unknown}
Potions
 c - 2 potions of flight
 h - a potion of brilliance {unknown}
 j - 2 potions of invisibility
 n - a potion of curing {unknown}
 v - a potion of lignification {unknown}
 A - a potion of might {unknown}


   Skills:
 + Level 8.3 Fighting
 * Level 12.0 Axes
 - Level 2.1 Armour
 - Level 1.5 Dodging


You had 7 spell levels left.
You didn't know any spells.
Your spell library was empty.

Dungeon Overview and Level Annotations

Branches:
Dungeon (6/15)             Temple (0/1) D:5

Altars:
Cheibriados
Dithmenos
Elyvilon
Kikubaaqudgha
Sif Muna

Shops:
D:2 :=:?(   D:3 [


Message History

No target in view!
No target in view!
No target in view!
A nearby plant withers and dies.
A nearby plant withers and dies.
An electric eel comes into view.
The electric eel shoots out a bolt of lightning at you!
The bolt of electricity hits the plant!
The plant begins to die.
The bolt of electricity hits you!
The electric eel shoots out a bolt of lightning at you!
The bolt of electricity hits the plant!
The bolt of electricity hits you!
The electric eel shoots out a bolt of lightning at you!
The bolt of electricity hits the plant!
The bolt of electricity hits you!
A nearby plant withers and dies.
The electric eel shoots out a bolt of lightning at you!
The bolt of electricity hits you.
The electric eel shoots out a bolt of lightning at you!
The bolt of electricity hits you.
You are too injured to fight recklessly!
You are too injured to fight recklessly!
You are too injured to fight recklessly!
You are too injured to fight recklessly!
You are too injured to fight recklessly!
Your unstable footing causes you to fumble your attack.
The electric eel shoots out a bolt of lightning at you!
The bolt of electricity hits you!
The electric eel shoots out a bolt of lightning at you!
The bolt of electricity hits you!
* * * LOW HITPOINT WARNING * * *
You barely miss the electric eel.
The electric eel shoots out a bolt of lightning at you!
The bolt of electricity hits you!
* * * LOW HITPOINT WARNING * * *
Okay, then.
You miss the electric eel.
Your skin crawls.
You feel strong-willed.
The electric eel shoots out a bolt of lightning at you!
The bolt of electricity hits you!
You die...

#(....... . ######.#......
. #≈ ♣≈♣♣♣≈♣..... ##.#
≈≈≈♣♣♣P≈≈≈P≈♣♣♣≈.
#≈♣≈♣≈♣P≈≈P≈PP≈P≈≈♣≈≈≈
######P≈♣≈≈≈≈≈♣≈≈≈≈≈P≈P≈≈P♣
....≈♣≈≈≈♣≈≈≈≈≈≈≈≈≈≈≈P≈≈≈P
#.♣P≈≈≈≈≈;≈≈≈≈≈≈≈≈≈≈≈≈≈P≈
#P≈≈P≈≈≈@≈≈≈≈≈≈≈≈≈≈≈≈≈≈≈≈
♣♣≈≈≈≈≈≈≈≈≈≈≈≈≈≈≈≈≈≈≈≈≈≈
#♣≈P≈♣≈≈≈≈≈≈≈≈≈≈≈≈≈≈≈≈≈P≈
###.♣P≈≈≈≈†≈≈≈≈≈≈≈≈≈≈≈≈P≈≈♣
.....≈♣≈≈♣≈≈♣≈≈≈≈≈≈≈≈≈≈≈≈≈≈
#.#.#≈♣P≈≈≈≈≈≈≈≈≈≈≈≈≈P≈♣≈♣♣
#.#.#.≈≈♣≈≈P≈≈≈≈≈≈≈♣≈♣≈≈≈♣≈
#.#.#...P≈♣♣♣♣≈P♣♣≈≈≈≈♣P≈..
#...#....## ♣≈≈≈PP♣P......


You could see an electric eel.

Vanquished Creatures
  A wraith (D:5)
  Edmund (D:4)
  2 water moccasins
  A sky beast (D:5)
  A phantom (D:4)
  2 bullfrogs (D:6)
  2 scorpions
  A howler monkey (D:6)
  A vampire bat (D:3)
  An electric eel (D:6)
  A centaur zombie (D:6)
  2 hounds (D:5)
  A gnoll shaman (D:5)
  An orc priest (D:5)
  A bullfrog skeleton (D:6)
  Terence (D:2)
  2 iguanas
  3 orc wizards (D:5)
  6 gnolls (D:5)
  7 adders
  An ufetubus (D:5)
  An adder skeleton (D:4)
  3 worms
  3 dart slugs
  14 orcs
  5 ball pythons
  4 bats
  A bat skeleton (D:3)
  4 bat zombies (D:3)
  9 endoplasms
  11 goblins
  8 hobgoblins
  8 kobolds
  4 quokkas
  4 rats
118 creatures vanquished.

Vanquished Creatures (others)
  17 plants
17 creatures vanquished.

Grand Total: 135 creatures vanquished

Notes
Turn   | Place    | Note
-------+----------+-------------------------------------------
     0 | D:1      | Crownlay the Hill Orc Berserker began the quest for the
                  | Orb.
     0 | D:1      | Reached XP level 1. HP: 19/19 MP: 1/1
   219 | D:1      | Reached XP level 2. HP: 27/27 MP: 2/2
   330 | D:1      | Reached skill level 5 in Axes
   337 | D:1      | HP: 1/27 [poisoned by a goblin]
   702 | D:1      | Reached XP level 3. HP: 30/33 MP: 3/3
  1072 | D:1      | Found a faded altar of an unknown god.
  1252 | D:2      | Found Baintin's Magic Scroll Emporium.
  1259 | D:2      | Found Kynnomam's Book Boutique.
  1524 | D:2      | Reached ** piety under Trog
  1607 | D:2      | Found Libok's Book Boutique.
  1624 | D:2      | Found Kogis's Jewellery Shop.
  1704 | D:2      | Reached XP level 4. HP: 28/41 MP: 4/4
  1925 | D:2      | Bought a scroll of fog for 22 gold pieces
  1925 | D:2      | Bought a scroll of identify for 22 gold pieces
  1925 | D:2      | Bought a scroll of identify for 22 gold pieces
  1929 | D:2      | Found Xericy's Weapon Shop.
  1931 | D:2      | Noticed Terence
  1942 | D:2      | Killed Terence
  1943 | D:2      | Reached skill level 6 in Axes
  2607 | D:3      | Found Temmaerch's Antique Armour Shop.
  2798 | D:3      | Reached XP level 5. HP: 42/47 MP: 5/5
  3112 | D:3      | Found an ancient bone altar of Kikubaaqudgha.
  3118 | D:3      | Reached skill level 5 in Fighting
  3118 | D:3      | Reached skill level 7 in Axes
  3452 | D:4      | Noticed a phantom
  3458 | D:4      | Killed a phantom
  3459 | D:4      | Reached XP level 6. HP: 43/56 MP: 6/6
  3545 | D:4      | Identified the +1 robe of Watchfulness {Will+ Slay+3}
  3979 | D:4      | Found a snail-covered altar of Cheibriados.
  4066 | D:4      | Found a shadowy altar of Dithmenos.
  4148 | D:4      | Noticed Edmund
  4161 | D:4      | Killed Edmund
  4162 | D:4      | Reached skill level 8 in Axes
  4448 | D:5      | Entered Level 5 of the Dungeon
  4465 | D:5      | Reached XP level 7. HP: 43/63 MP: 7/7
  4628 | D:5      | Found a staircase to the Ecumenical Temple.
  4656 | D:5      | Reached *** piety under Trog
  4662 | D:5      | Reached skill level 9 in Axes
  5084 | D:5      | Noticed a wraith
  5091 | D:5      | Killed a wraith
  5092 | D:5      | Reached skill level 10 in Axes
  5092 | D:5      | Reached XP level 8. HP: 53/73 MP: 8/8
  5169 | D:5      | Found a white marble altar of Elyvilon.
  5543 | D:6      | Reached skill level 11 in Axes
  6485 | D:6      | Found a shimmering blue altar of Sif Muna.
  6672 | D:6      | Reached skill level 12 in Axes
  6682 | D:6      | Killed from afar by an electric eel

Illustrated notes

Levels and vault maps discovered:
D:1:      saegor_arrival_under_anarchy, layout_basic,
          shapermc_ecumenical_altar_totnotflames
D:2:      layout_rooms, serial_shops, shop, nicolae_shop_window_shopping, shop,
          shop_statue, shop, uniq_terence
D:3:      layout_loops_corners, kennysheep_vampire_church, serial_shops,
          nicolae_shop_stone
D:4:      layout_loops_ring, cheibrodos_worm_habitat,
          nicolae_dithmenos_shadow_blocks, nrook_uturn, uniq_edmund
D:5:      layout_cave_pools, mainiacjoe_overflow_chevrons,
          minmay_temple_entry_gardened_gates, minmay_statues_item,
          item_on_display_a
D:6:      layout_basic, kennysheep_mini_moat, serial_bayou,
          serial_bayou_shore_b, serial_bayou_ford_a, serial_bayou_pond_d,
          serial_bayou_lake_a

Skill      XL: |  1  2  3  4  5  6  7  8 |
---------------+-------------------------+-----
Fighting       | 4 5 6 7 8 |  8.3
Axes           | 5 6 7 8 10 12 | 12.0
Armour         | |  2.1
Dodging        | |  1.5

Action                   |  1- 3 |  4- 6 |  7- 9 || total
-------------------------+-------+-------+-------++-------
Melee: Whip              |    95 |    62 |       ||   157
       Hand axe          |     4 |       |       ||     4
       Battleaxe         |       |    73 |   104 ||   177
Invok: Trog's Hand       |       |       |     2 ||     2
  Use: Scroll            |       |     7 |     1 ||     8
 Stab: Sleeping          |     1 |       |       ||     1
Armor: Animal skin       |    25 |     2 |       ||    27
       Scale mail        |       |    52 |    66 ||   118
Dodge: Dodged            |    52 |    78 |    80 ||   210
